 Dungeon Sprint DCSS version 0.30-a0-528-g8c47a4955b (webtiles) character file.

Game seed: 18201560812685565615

1900000 JoshKwa the Impregnable (level 16, -70/270 HPs)
             Began as a Demigod Fighter on Dec 23, 2022.
             Annihilated by a large bag of meat
             ... wielding a +9 giant spiked club
              (126 damage)
             ... in the Dungeon (Sprint VIII: "Arena of Blood").
             The game lasted 00:01:35 (19 turns).

JoshKwa the Impregnable (Demigod Fighter)             Turns: 19, Time: 00:01:36

Health: -70/270    AC: 13    Str: 29    XL:     16   Next: 43%
Magic:  19/19      EV: 10    Int: 10    God:
Gold:   0          SH:  0    Dex: 21    Spells: 15/15 levels left

rFire   . . .      SeeInvis .    j - +∞ Axe of Woe
rCold   . . .      Faith    .    (shield currently unavailable)
rNeg    . . .      Spirit   .    a - +0 scale mail
rPois   .          Reflect  .    (no helmet)
rElec   .          Harm     .    (no cloak)
rCorr   .          Rampage  .    (no gloves)
Will    +....      NoTele   +    (no boots) Stlth
                                 (no amulet)
HPRegen 0.65/turn                (no ring)
MPRegen 0.16/turn                (no ring)

@: berserking, hasted, very quick
A: high MP 1, forlorn, divine attributes
a: no special abilities


You were in the Dungeon.
You visited 1 branch

Inventory:

Hand Weapons
 j - the +∞ Axe of Woe (weapon)
   (You found it in the Dungeon)
Armour
 a - a +0 scale mail (worn)
 b - a +0 buckler
Potions
 c - a potion of might
 g - 2 potions of magic


   Skills:
 + Level 25.9 Fighting
 + Level 21.5 Axes
 + Level 26.3 Armour
 + Level 24.0 Shields
 + Level 13.5 Unarmed Combat


You had 15 spell levels left.
You didn't know any spells.
Your spell library was empty.

Dungeon Overview and Level Annotations

Branches:
Dungeon (1/1)


Innate Abilities, Weirdness & Mutations

You have an increased reservoir of magic. (+10% MP)
You shall have no god before yourself.
Your divine heritage dramatically boosts your attributes as you level up.


Message History

You hear a shout! x4
The meat berserker rages.
You hear a shout! x4
A bag of meat comes into view. It is wielding a +9 war axe. x2
The meat berserker moves out of view.
The bag of meat shouts!
You hear a shout! x2
Your Fighting skill increases to level 23!
Your Axes skill gained 3 levels and is now at level 17!
Your Armour skill gained 2 levels and is now at level 24!
Your Shields skill increases to level 22!
Your Unarmed Combat skill increases to level 12!
You have reached level 15!
Your experience leads to a dramatic increase in your attributes!
Increase (S)trength, (I)ntelligence, or (D)exterity?
You feel stronger. x4
You dice the meat berserker like an onion!!!
You butcher the meat berserker messily.
You kill the meat berserker!
You slice the bag of meat!!
You butcher the bag of meat messily.
You kill the bag of meat!
You slash the bag of meat!
You cleave the bag of meat in twain.
You kill the bag of meat!
You hit the meat berserker.
You hew the meat berserker savagely.
You kill the meat berserker!
The destroyer appears out of thin air!
A destroyer comes into view. It is wielding a +9 vorpal great sword.
The destroyer shouts!
You hear a shout! x4
Your Fighting skill gained 2 levels and is now at level 25!
Your Axes skill gained 4 levels and is now at level 21!
Your Armour skill gained 2 levels and is now at level 26!
Your Shields skill gained 2 levels and is now at level 24!
Your Unarmed Combat skill increases to level 13!
You have reached level 16! 2 bags of meat come into view.
The large bag of meat appears out of thin air!
A large bag of meat comes into view. It is wielding a +9 giant spiked club.
The bag of meat shouts! x2; The large bag of meat shouts in stereo!
You hear a shout! x10
The large bag of meat hits you with a +9 giant spiked club!!!!
You die...

......###..........o.
....._.............
#..)..#....O..#.#.
#_.<._#...........
#..)..#.....o#.#.#
..o.._..oo..o.......
......###.ooo)O)..#.#.
.###.....o.###.).V....
#.o.O...#O@))...... #.
. .#oo...oO... .O
oooo..o.....
...o...#...#..
........#.oo.# .
......##....o# .....#
....#oO ..... .### o.


You could see a destroyer, 2 large bags of meat, 3 meat berserkers and 16 bags
of meat.

Vanquished Creatures
  5 ogres (D)
  12 orcs (D)
17 creatures vanquished.

Notes
Turn   | Place    | Note
-------+----------+-------------------------------------------
     0 | D        | Found the +∞ Axe of Woe
     0 | D        | JoshKwa the Demigod Fighter began the quest for the Orb.
     0 | D        | Reached XP level 1. HP: 18/18 MP: 3/3
     1 | D        | Noticed a bag of meat
     1 | D        | Noticed a bag of meat
     1 | D        | Noticed a bag of meat
     2 | D        | Noticed a bag of meat
     2 | D        | Noticed a bag of meat
     2 | D        | Noticed a bag of meat
     3 | D        | Noticed a bag of meat
     4 | D        | Noticed a bag of meat
     4 | D        | Noticed a bag of meat
     4 | D        | Noticed a bag of meat
     6 | D        | Killed a bag of meat
     6 | D        | Noticed a bag of meat
     6 | D        | Noticed a bag of meat
     6 | D        | Noticed a bag of meat
     7 | D        | Reached skill level 13 in Armour
     7 | D        | Reached XP level 2. HP: 38/44 MP: 4/4
     7 | D        | Reached XP level 3. HP: 43/50 MP: 5/5
     7 | D        | Reached XP level 4. HP: 50/58 MP: 6/6
     7 | D        | Reached XP level 5. HP: 55/64 MP: 7/7
     7 | D        | Reached XP level 6. HP: 62/72 MP: 8/8
     7 | D        | Reached XP level 7. HP: 68/79 MP: 9/9
     7 | D        | Reached XP level 8. HP: 74/86 MP: 10/10
     7 | D        | Reached XP level 9. HP: 80/93 MP: 11/11
     7 | D        | Reached XP level 10. HP: 87/101 MP: 13/13
     7 | D        | Killed a bag of meat
     7 | D        | Noticed a bag of meat
     7 | D        | Noticed a meat berserker
     8 | D        | Reached skill level 15 in Fighting
     8 | D        | Reached skill level 15 in Armour
     8 | D        | Reached skill level 15 in Shields
     8 | D        | Reached XP level 11. HP: 15/112 MP: 14/14
     8 | D        | Noticed a bag of meat
     8 | D        | Noticed a bag of meat
     8 | D        | Noticed a meat berserker
     8 | D        | Noticed a bag of meat
     9 | D        | Noticed a bag of meat
    10 | D        | Noticed a meat berserker
    11 | D        | Noticed a bag of meat
    11 | D        | Noticed a bag of meat
    11 | D        | Noticed a bag of meat
    11 | D        | Noticed a bag of meat
    11 | D        | Noticed a large bag of meat
    11 | D        | Noticed a bag of meat
    11 | D        | Noticed a bag of meat
    11 | D        | Noticed a bag of meat
    12 | D        | Noticed a bag of meat
    12 | D        | Noticed a bag of meat
    12 | D        | Noticed a bag of meat
    12 | D        | Noticed a bag of meat
    13 | D        | Noticed a meat berserker
    13 | D        | Killed a meat berserker
    13 | D        | Killed a bag of meat
    13 | D        | Noticed a meat berserker
    13 | D        | Noticed a meat berserker
    14 | D        | Reached skill level 19 in Armour
    14 | D        | Reached XP level 12. HP: 58/128 MP: 15/15
    14 | D        | Reached XP level 13. HP: 61/136 MP: 16/16
    14 | D        | Killed a bag of meat
    14 | D        | Noticed a meat berserker
    14 | D        | Noticed a bag of meat
    14 | D        | Noticed a bag of meat
    15 | D        | Noticed a bag of meat
    15 | D        | Noticed a bag of meat
    15 | D        | Noticed a bag of meat
    16 | D        | Killed a bag of meat
    16 | D        | Killed a bag of meat
    16 | D        | Killed a bag of meat
    16 | D        | Killed a bag of meat
    16 | D        | Killed a meat berserker
    16 | D        | Noticed a bag of meat
    16 | D        | Noticed a bag of meat
    17 | D        | Reached skill level 22 in Armour
    17 | D        | Reached XP level 14. HP: 47/154 MP: 17/17
    17 | D        | Noticed a meat berserker
    17 | D        | Killed a meat berserker
    18 | D        | Reached skill level 24 in Armour
    18 | D        | Reached XP level 15. HP: 51/166 MP: 18/18
    18 | D        | Killed a meat berserker
    18 | D        | Killed a meat berserker
    18 | D        | Noticed a destroyer
    19 | D        | Reached skill level 26 in Armour
    19 | D        | Reached XP level 16. HP: 55/180 MP: 19/19
    19 | D        | Noticed a large bag of meat
    19 | D        | Annihilated by a large bag of meat

Illustrated notes

Levels and vault maps discovered:
D:        meatsprint

Skill      XL: |  1  2  3  4  5  6  7  8  9 10 11 12 13 14 15 |
---------------+----------------------------------------------+-----
Fighting       | 13 15 18 22 23 25 | 25.9
Axes           | 3 4 7 14 17 21 | 21.5
Armour         | 13 15 19 22 24 26 | 26.3
Shields        | 13 15 17 21 22 24 | 24.0
Unarmed Combat | 6 7 9 11 12 13 | 13.5

Action                   |  1- 3 |  4- 6 |  7- 9 | 10-12 | 13-15 | 16-18 || total
-------------------------+-------+-------+-------+-------+-------+-------++-------
Melee: Executioner's axe |     1 |       |       |     2 |     4 |       ||     7
  Use: Potion            |       |       |       |     3 |     1 |       ||     4
       Scroll            |       |       |       |     1 |       |       ||     1
Dodge: Dodged            |       |       |       |       |     1 |       ||     1

Table legend: (Time is in decaauts)
 A = Elapsed time spent in this place.
 B = Non-inter-level travel time spent in this place.
 C = Inter-level travel time spent in this place.
 D = Time resting spent in this place.
 E = Time spent auto-exploring this place.
 F = Levels seen in this place.
 G = Mean time per level.
                   A        B        C        D        E       F      G
               +--------+--------+--------+--------+--------+-----+--------+
         Total |     18 |     18 |      0 |      0 |      0 |   1 |   18.0 |
       Dungeon |     18 |     18 |      0 |      0 |      0 |   1 |   18.0 |
               +--------+--------+--------+--------+--------+-----+--------+

Top non-repeatable levels by time:
       D: 18 daAuts
